 Dungeon Sprint DCSS version 0.32-a0-42-ga30500b4d3 (webtiles) character file.

Game seed: 7221942337383083875

0 rocky1 the Ruffian (level 1, 16/16 HPs)
             Began as a Draconian Shapeshifter on Jan 29, 2024.
             Quit the game in the Dungeon (Sprint VII: "The Pits").
             The game lasted 00:00:19 (20 turns).

rocky1 the Ruffian (Draconian Shapeshifter)           Turns: 20, Time: 00:00:20

Health: 16/16      AC:  4    Str: 16    XL:     1   Next: 8%
Magic:  1/1        EV: 12    Int: 10    God:
Gold:   0          SH:  0    Dex: 10    Spells: 0/0 levels left

rFire   . .          .
                       - Unarmed
rCold   . . .        (no shield)
rNeg    . . .        (body armour unavailable)
rPois   .            (helmet currently unavailable)
rElec   .            (cloak currently unavailable)
rCorr   .            (gloves currently unavailable)
SInv    .            (boots currently unavailable)
Will    .....        (no amulet)
Stlth   +            (no ring)
HPRegen 0.22/turn    (no ring)
MPRegen 0.07/turn

%: no teleportation
@: beast-form
A: beast (slay +1), AC +4, unfitting armour, cold-blooded
a: Begin Untransformation


You were in the Dungeon.
You were a hulking beast.
You visited 1 branch

Inventory:

Talismans
 b - a beast talisman
 c - a flux talisman
Scrolls
 i - a scroll of blinking
Potions
 a - a potion of lignification
 d - a potion of curing
 e - a potion of heal wounds
 f - a potion of haste
 g - 2 potions of magic
 h - a potion of berserk rage


   Skills:
 + Level 1.1 Fighting
 + Level 1.7 Dodging
 + Level 3.4 Unarmed Combat
 + Level 3.0 Shapeshifting


You couldn't memorise any spells.
You didn't know any spells.
Your spell library was empty.

Dungeon Overview and Level Annotations

Branches:
Dungeon (1/1)

Altars:


Innate Abilities, Weirdness & Mutations

You are a hulking beast.
Your limbs bulge with bestial killing power. (Slay +1)
Your plain brown scales are hard. (AC +4)
You cannot fit into any form of body armour.
You are cold-blooded and may be slowed by cold attacks.


Message History

Welcome, rocky1 the Draconian Shapeshifter. [Dungeon Sprint] Press ? for a list of commands and other information.
Found a staircase leading out of the dungeon.
You open the door.
There is an open door to the Entrance Hall (Safe) here.
As you open the door, it creaks loudly!
A jackal skeleton comes into view.
The jackal skeleton bites you but does no damage.
There is an open door to the Storerooms (Easy) here.
You hit the jackal skeleton.
The jackal skeleton is lightly damaged.
The jackal skeleton closely misses you.
You hit the jackal skeleton.
The jackal skeleton is moderately damaged.
The jackal skeleton bites you but does no damage.
You barely miss the jackal skeleton.
The jackal skeleton is moderately damaged.
The jackal skeleton bites you but does no damage.
You hit the jackal skeleton.
The jackal skeleton is heavily damaged.
The jackal skeleton closely misses you.
You barely miss the jackal skeleton. You punch the jackal skeleton.
You destroy the jackal skeleton!
Unknown command.
Okay, then.
Unknown command.
Are you sure you want to abandon this character and quit the game? (Confirm with "yes".)

##########++
#+##...........
+.##......#..#.
#######.##...........
.......h.'...........
####+#####......#..#.
#...........
####'#####++
#.......# #.......#
#.......# #...<...#
#.......#


There were no monsters in sight!

Vanquished Creatures
  A jackal skeleton (D)
1 creature vanquished.

Notes
Turn   | Place    | Note
-------+----------+-------------------------------------------
     0 | D        | rocky1 the Draconian Shapeshifter began the quest for the
                  | Orb.
     0 | D        | Reached XP level 1. HP: 16/16 MP: 1/1
    20 | D        | Quit the game

Illustrated notes

Levels and vault maps discovered:
D:        pitsprint [storerooms_1, entrance_room_1, metal_vault_2, armoury_1,
          mini_pit_1, grid_room_1, main_hall_1, silver_pit, the_coven_3,
          the_vestibule_1, steel_vault_2, golden_pit, hallway_of_sentries,
          crystal_vault_2, iron_vault_4, final_vault]

Action                     || total
---------------------------++-------
  Melee: Unarmed           ||     5
         Punch             ||     1
 Armour: Skin              ||     3
  Dodge: Dodged            ||     2

Table legend: (Time is in decaauts)
 A = Elapsed time spent in this place.
 B = Non-inter-level travel time spent in this place.
 C = Inter-level travel time spent in this place.
 D = Time resting spent in this place.
 E = Time spent auto-exploring this place.
 F = Levels seen in this place.
 G = Mean time per level.
                   A        B        C        D        E       F      G
               +--------+--------+--------+--------+--------+-----+--------+
         Total |     19 |     19 |      0 |      0 |      0 |   1 |   19.0 |
       Dungeon |     19 |     19 |      0 |      0 |      0 |   1 |   19.0 |
               +--------+--------+--------+--------+--------+-----+--------+

Top non-repeatable levels by time:
       D: 19 daAuts
